 Dungeon Sprint DCSS version 0.29-a0-284-gf9362112df (webtiles) character file.

Game seed: 14129097664408535900

15873 mhtbhm the Executioner (level 12, 0/195 HPs)
             Began as a Minotaur Berserker on Mar 20, 2022.
             Was the Champion of Trog.
             Succumbed to an emperor scorpion's poison
             ... in the Dungeon (Sprint VII: "The Pits").
             The game lasted 00:04:27 (3741 turns).

mhtbhm the Executioner (Minotaur Berserker)         Turns: 3741, Time: 00:04:27

Health: 0/195      AC: 15    Str: 34    XL:     12   Next: 5%
Magic:  11/11      EV: 17    Int:  4    God:    Trog [******]
Gold:   20         SH:  0    Dex: 10    Spells: 11/11 levels left

rFire   x . .      SeeInvis .   a - +3 executioner's axe of Qeotuciq {vorpal, rElec rC+ Str+7}
rCold   + + .      Faith    .   (shield currently unavailable)
rNeg    . . .      Spirit   .   b - +4 scale mail
rPois   .          Reflect  .   (helmet restricted)
rElec   +          Harm     .   (no cloak)
rCorr   .          Rampage  .   (no gloves)
Will    .....      NoTele   +   p - +0 pair of boots
Stlth   ..........              (no amulet)
HPRegen 0.42/turn               s - ring of ice
MPRegen 0.12/turn               k - +3 ring of evasion

@: berserking (expiring), lethally poisoned (0 -> -35), very quick
A: horns 2, retaliatory headbutt
a: Renounce Religion, Berserk, Trog's Hand, Brothers in Arms


You were in the Dungeon.
You worshipped Trog.
Trog was exalted by your worship.
You visited 1 branch You collected 20 gold pieces.

Inventory:

Hand Weapons
 a - the +3 executioner's axe of Qeotuciq (weapon) {vorpal, rElec rC+ Str+7}
   (Trog gifted it to you in the Dungeon)

   It inflicts extra damage upon your enemies.
   Str:       It affects your strength (+7).
   rC:        It protects you from cold.
   rElec:     It insulates you from electricity.
 q - the +5 glaive of Exhibitionism {vorpal, rF- rC+ rN+ SInv}
   (Trog gifted it to you in the Dungeon)

   It inflicts extra damage upon your enemies.
   rF:        It makes you vulnerable to fire.
   rC:        It protects you from cold.
   rN:        It protects you from negative energy.
   SInv:      It lets you see invisible.
Missiles
 r - 10 poisoned darts (quivered)
Armour
 b - a +4 scale mail (worn)
 p - a +0 pair of boots (worn)
Jewellery
 k - a +3 ring of evasion (right hand)
 s - a ring of ice (left hand)
 u - a ring of positive energy
Scrolls
 h - 2 scrolls of blinking
 j - a scroll of summoning
 t - 2 scrolls of enchant weapon
 v - a scroll of identify
 w - 5 scrolls of fear
 y - a scroll of silence
 z - 5 scrolls of enchant armour
 A - a scroll of holy word
 B - 4 scrolls of fog
Potions
 c - 6 potions of curing
 d - 12 potions of heal wounds
 e - 2 potions of haste
 f - 4 potions of magic
 g - 5 potions of berserk rage
 i - 2 potions of invisibility
 m - 2 potions of resistance
 n - 4 potions of might
 o - 2 potions of mutation
Miscellaneous
 x - a phial of floods


   Skills:
 + Level 19.3 Fighting
 + Level 25.3 Axes
 + Level 13.3 Armour
 + Level 10.0 Dodging
 + Level 3.8 Stealth


You had 11 spell levels left.
You didn't know any spells.
Your spell library was empty.

Dungeon Overview and Level Annotations

Branches:
Dungeon (1/1)

Altars:
Ashenzari
Cheibriados
Dithmenos
Elyvilon
Fedhas
Gozag
Hepliaklqana
Kikubaaqudgha
Makhleb
Nemelex Xobeh
Okawaru
Qazlal
Ru
Sif Muna
Trog
Uskayaw
Vehumet
Wu Jian
Xom
Yredelemnul
Zin
The Shining One
Beogh
Jiyva
Lugonu


Innate Abilities, Weirdness & Mutations

You have a pair of horns on your head.
You reflexively headbutt those who attack you in melee.


Message History

The vampire knight barely misses you. You furiously retaliate!
You headbutt the vampire knight! The vampire knight misses you.
Unknown command.
You open the vampire knight like a pillowcase!!!
The vampire knight is almost destroyed.
You slice the emperor scorpion!! You barely miss the sixfirhy.
The emperor scorpion barely misses you.
The emperor scorpion completely misses you.
The emperor scorpion claws you.
* * * LOW HITPOINT WARNING * * *
Unknown command.
You barely miss the vampire knight.
The vampire knight is almost destroyed.
You barely miss the sixfirhy. You slice the emperor scorpion!!
The vampire knight draws life force from you!!
* * * LOW HITPOINT WARNING * * *
The vampire knight is healed by the life force!
Unknown command.
Unknown command.
You slice the vampire knight like a ripe choko!!!!
You destroy the vampire knight!
Trog accepts your kill.
Trog appreciates your killing of a magic user.
Trog grants you a weapon! Something appears at your feet!
You see here a +3 battleaxe.
You completely miss the sixfirhy. You hit the emperor scorpion.
The emperor scorpion stings you.
* * * LOW HITPOINT WARNING * * *
You are lethally poisoned!
The emperor scorpion poisons you!
The emperor scorpion claws you but does no damage.
The emperor scorpion completely misses you.
Your Dodging skill increases to level 10!
You have reached level 12!
You feel agile.
Unknown command.
* * * LOW HITPOINT WARNING * * *
You feel extremely sick.
You feel a strong urge to attack something.
You die...

#..........#
#..#....#..#
+..........#
+..........#
#..#....#..#
#..........+
#..........+
###''####''#
###'@####''##########
#E.s...##............
#.#)##.##.........)).
#.#O3d.##..##########
# '=.#.##..# .#.)'
##..#
++###########.+).#.
#..# .......##..##
##+#.##..#
#......##..# ##..#


You could see an emperor scorpion, a two-headed ogre and a fire elemental.

Vanquished Creatures
  A quicksilver dragon (D)
  Donald (D)
  A vampire knight (D)
  A death knight (D)
  3 spriggans (D)
  A shadow wraith (D)
  2 swamp dragons (D)
  2 orc knights (D)
  2 deep elf pyromancers (D)
  2 deep elf zephyrmancers (D)
  A manticore (D)
  A smoke demon (D)
  A komodo dragon (D)
  A freezing wraith (D)
  2 hellwings (D)
  2 red devils (D)
  A polar bear (D)
  A troll (D)
  2 hornets (D)
  A tyrant leech (D)
  A flying skull (D)
  A jumping spider (D)
  A vampire (D)
  6 redbacks (D)
  3 vampire mosquitoes (D)
  A warg (D)
  2 acid dragons (D)
  5 hell hounds (D)
  4 orc warriors (D)
  An ice beast (D)
  3 wolves (D)
  A centaur (D)
  2 small abominations (D)
  A kobold brigand (D)
  2 scorpions (D)
  An earth elemental (D)
  2 jellies (D)
  9 orc priests (D)
  A hound (D)
  Terence (D)
  3 orc wizards (D)
  2 mummies (D)
  An adder (D)
  A gnoll (D)
  A white imp (D)
  An ufetubus (D)
  An adder zombie (D)
  9 orcs (D)
  A ball python (D)
  An endoplasm (D)
  2 hobgoblins (D)
  A kobold (D)
  A ball python zombie (D)
  A bat (D)
  A rat (D)
104 creatures vanquished.

Notes
Turn   | Place    | Note
-------+----------+-------------------------------------------
     0 | D        | mhtbhm the Minotaur Berserker began the quest for the Orb.
     0 | D        | Reached XP level 1. HP: 19/19 MP: 0/0
    18 | D        | Reached skill level 4 in Axes
    18 | D        | Reached XP level 2. HP: 8/28 MP: 1/1
    48 | D        | Found a bloodstained altar of Trog.
    48 | D        | Found a shimmering blue altar of Sif Muna.
    48 | D        | Found a viscous altar of Jiyva.
    48 | D        | Found a hazy altar of Hepliaklqana.
    48 | D        | Found an opulent altar of Gozag.
    49 | D        | Found a glowing golden altar of the Shining One.
    49 | D        | Found a glowing silver altar of Zin.
    49 | D        | Found a basalt altar of Yredelemnul.
    49 | D        | Found a shimmering altar of Xom.
    49 | D        | Found an ornate altar of the Wu Jian Council.
    49 | D        | Found a sacrificial altar of Ru.
    49 | D        | Found a stormy altar of Qazlal.
    49 | D        | Found an iron altar of Okawaru.
    49 | D        | Found a sparkling altar of Nemelex Xobeh.
    49 | D        | Found a burning altar of Makhleb.
    49 | D        | Found a blossoming altar of Fedhas.
    49 | D        | Found a white marble altar of Elyvilon.
    49 | D        | Found a shadowy altar of Dithmenos.
    49 | D        | Found a snail-covered altar of Cheibriados.
    52 | D        | Found a corrupted altar of Lugonu.
    52 | D        | Found a radiant altar of Vehumet.
   267 | D        | Reached skill level 5 in Axes
   268 | D        | Reached ** piety under Trog
   269 | D        | Reached skill level 5 in Fighting
   457 | D        | Reached *** piety under Trog
   458 | D        | Reached skill level 6 in Axes
   458 | D        | Reached XP level 3. HP: 38/38 MP: 2/2
   459 | D        | Reached **** piety under Trog
   464 | D        | Reached skill level 7 in Axes
   464 | D        | Reached XP level 4. HP: 37/47 MP: 3/3
   465 | D        | Reached skill level 8 in Axes
   621 | D        | Noticed Terence
   632 | D        | Reached XP level 5. HP: 55/56 MP: 4/4
   633 | D        | Noticed an ice beast
   639 | D        | Reached ***** piety under Trog
   647 | D        | Killed an ice beast
   647 | D        | Identified the +3 executioner's axe of Qeotuciq {vorpal,
                  | rElec rC+ Str+7} (Trog gifted it to you in the Dungeon)
   647 | D        | Received a gift from Trog
   648 | D        | Reached skill level 10 in Axes
   648 | D        | Reached skill level 5 in Armour
   648 | D        | Reached skill level 5 in Dodging
   649 | D        | Killed Terence
   650 | D        | Reached XP level 6. HP: 55/66 MP: 5/5
   723 | D        | Noticed a red devil
   729 | D        | Killed a red devil
   730 | D        | Reached skill level 12 in Axes
   730 | D        | Reached skill level 1 in Stealth
   949 | D        | Noticed an orc warrior
   951 | D        | Reached XP level 7. HP: 62/74 MP: 6/6
  1020 | D        | Noticed a hellwing
  1024 | D        | Reached skill level 13 in Axes
  1024 | D        | Received a gift from Trog
  1026 | D        | Killed a hellwing
  1027 | D        | Reached skill level 14 in Axes
  1160 | D        | Found a hide-covered altar of Uskayaw.
  1160 | D        | Found an ancient bone altar of Kikubaaqudgha.
  1160 | D        | Found a broken altar of Ashenzari.
  1185 | D        | Noticed a vampire mosquito
  1185 | D        | Noticed a vampire mosquito
  1186 | D        | Noticed a vampire mosquito
  1186 | D        | Noticed an orc knight
  1191 | D        | Killed a vampire mosquito
  1192 | D        | Reached XP level 8. HP: 80/85 MP: 7/7
  1197 | D        | Reached skill level 15 in Axes
  1198 | D        | Received a gift from Trog
  1200 | D        | Killed an orc knight
  1201 | D        | Reached skill level 16 in Axes
  1201 | D        | Reached XP level 9. HP: 20/94 MP: 8/8
  1523 | D        | Noticed a swamp dragon
  1530 | D        | Killed a swamp dragon
  1531 | D        | Reached skill level 17 in Axes
  1531 | D        | Reached ****** piety under Trog
  1531 | D        | Received a gift from Trog
  1737 | D        | Noticed a spriggan rider
  1744 | D        | Reached skill level 18 in Axes
  1746 | D        | Killed a spriggan rider
  1747 | D        | Reached skill level 19 in Axes
  1747 | D        | Reached skill level 10 in Armour
  1900 | D        | Noticed an orc knight
  1900 | D        | Noticed a komodo dragon
  1904 | D        | Killed a komodo dragon
  1905 | D        | Reached skill level 15 in Fighting
  1905 | D        | Reached XP level 10. HP: 92/105 MP: 9/9
  1910 | D        | Received a gift from Trog
  1910 | D        | Killed an orc knight
  1911 | D        | Reached skill level 20 in Axes
  2141 | D        | Noticed a deep elf pyromancer
  2144 | D        | Identified the +5 glaive of Exhibitionism {vorpal, rF- rC+
                  | rN+ SInv} (Trog gifted it to you in the Dungeon)
  2144 | D        | Received a gift from Trog
  2145 | D        | Reached skill level 21 in Axes
  2147 | D        | Killed a deep elf pyromancer
  2279 | D        | Killed a shadow wraith
  2492 | D        | Noticed a deep elf zephyrmancer
  2492 | D        | Noticed a spriggan rider
  2497 | D        | Killed a deep elf zephyrmancer
  2497 | D        | Received a gift from Trog
  2498 | D        | Reached skill level 22 in Axes
  2500 | D        | Killed a spriggan rider
  2501 | D        | Reached XP level 11. HP: 76/116 MP: 10/10
  2648 | D        | Noticed a death knight
  2653 | D        | Received a gift from Trog
  2654 | D        | Reached skill level 23 in Axes
  2660 | D        | Killed a death knight
  2663 | D        | Received a gift from Trog
  3088 | D        | Reached skill level 24 in Axes
  3370 | D        | Noticed a deep elf pyromancer
  3380 | D        | Noticed a swamp dragon
  3381 | D        | Killed a deep elf pyromancer
  3381 | D        | Received a gift from Trog
  3393 | D        | Killed a swamp dragon
  3617 | D        | Received a gift from Trog
  3624 | D        | Noticed a quicksilver dragon
  3627 | D        | Killed a quicksilver dragon
  3726 | D        | Noticed Donald
  3726 | D        | Noticed a deep elf zephyrmancer
  3726 | D        | Noticed a vampire knight
  3726 | D        | Noticed a sixfirhy
  3726 | D        | Noticed a purple draconian
  3726 | D        | Noticed an emperor scorpion
  3726 | D        | Noticed a two-headed ogre
  3730 | D        | Killed a deep elf zephyrmancer
  3734 | D        | Killed Donald
  3735 | D        | Reached skill level 25 in Axes
  3739 | D        | Killed a vampire knight
  3739 | D        | Received a gift from Trog
  3740 | D        | Reached skill level 10 in Dodging
  3740 | D        | Reached XP level 12. HP: 13/130 MP: 11/11
  3740 | D        | HP: 6/195 [poisoned by an emperor scorpion]
  3741 | D        | Succumbed to an emperor scorpion's poison

Illustrated notes

Levels and vault maps discovered:
D:        pitsprint [storerooms_1, entrance_room_1, metal_vault_7, armoury_1,
          mini_pit_1, grid_room_1, main_hall_1, silver_pit, the_coven_3,
          the_vestibule_1, steel_vault_1, golden_pit, hallway_of_sentries,
          crystal_vault_6, iron_vault_1, final_vault]

Skill      XL: |  1  2  3  4  5  6  7  8  9 10 11 |
---------------+----------------------------------+-----
Fighting       | 4 6 7 8 9 11 12 13 15 16 19 | 19.3
Axes           | 4 6 7 8 10 12 14 16 19 22 25 | 25.3
Armour         | 3 4 5 6 7 9 10 11 13 | 13.3
Dodging        | 3 4 5 6 7 8 10 | 10.0
Stealth        | 1 2 3 |  3.8

Action                   |  1- 3 |  4- 6 |  7- 9 | 10-12 || total
-------------------------+-------+-------+-------+-------++-------
Melee: Hand axe          |    20 |    20 |       |       ||    40
       Headbutt          |     4 |     5 |     4 |    11 ||    24
       Punch             |       |     1 |       |       ||     1
       Executioner's axe |       |    11 |    38 |    92 ||   141
Invok: Berserk           |     2 |     1 |     3 |     4 ||    10
  Use: Potion            |       |       |       |     1 ||     1
Armor: Animal skin       |     1 |       |       |       ||     1
       Plate armour      |       |    11 |     2 |       ||    13
       Scale mail        |       |       |    13 |    33 ||    46
Dodge: Dodged            |    19 |     9 |    37 |    63 ||   128

Table legend: (Time is in decaauts)
 A = Elapsed time spent in this place.
 B = Non-inter-level travel time spent in this place.
 C = Inter-level travel time spent in this place.
 D = Time resting spent in this place.
 E = Time spent auto-exploring this place.
 F = Levels seen in this place.
 G = Mean time per level.
                   A        B        C        D        E       F      G
               +--------+--------+--------+--------+--------+-----+--------+
         Total |   3815 |   3815 |      0 |   2836 |    184 |   1 | 3815.0 |
       Dungeon |   3815 |   3815 |      0 |   2836 |    184 |   1 | 3815.0 |
               +--------+--------+--------+--------+--------+-----+--------+

Top non-repeatable levels by time:
       D: 3815 daAuts
